 Dungeon Crawl Stone Soup version 0.32-a0-630-g46d191b0ed (webtiles) character file.

Game seed: 764246886941169857

76 seren the Cudgeller (level 4, 0/51 HPs)
             Began as a Demonspawn Gladiator on Mar 6, 2024.
             Slain by Crazy Yiuf
             ... wielding a +2 quarterstaff of chaos
              (3 damage)
             ... on level 2 of the Dungeon.
             The game lasted 00:04:23 (2050 turns).

seren the Cudgeller (Demonspawn Gladiator)          Turns: 2050, Time: 00:04:23

Health: 0/51       AC:  8    Str: 16    XL:     4   Next: 12%
Magic:  4/4        EV: 12    Int:  8    God:
Gold:   139        SH:  4    Dex: 15    Spells: 3/3 levels left

rFire   . . .        m - +1 whip (pain)
rCold   . . .        (no shield)
rNeg    . . .        b - +0 leather armour
rPois   .            c - +0 helmet
rElec   .            (no cloak)
rCorr   .            (no gloves)
SInv    .            (no boots)
Will    .....        (no amulet) Stlth
                     o - +4 ring of protection
HPRegen 0.28/turn    (no ring)
MPRegen 0.09/turn

%: no passive effects
@: brilliant, berserking, lethally poisoned (0 -> -3), very quick
A: condensation shield, weakness stinger 1
a: no special abilities


You were on level 2 of the Dungeon.
You visited 1 branch of the dungeon, and saw 2 of its levels.

You collected 139 gold pieces.

Inventory:

Hand Weapons
 a - a +0 flail
 m - a +1 whip of pain (weapon)
Missiles
 d - 3 throwing nets (quivered) {!f}
 e - a javelin
 s - 2 poisoned darts
Armour
 b - a +0 leather armour (worn)
 c - a +0 helmet (worn)
Jewellery
 o - a +4 ring of protection (left hand)
Scrolls
 f - a scroll of poison {unknown}
 g - 3 scrolls of identify {unknown}
 h - a scroll of butterflies {unknown}
 j - a scroll of fog {unknown}
 k - a scroll of amnesia {unknown}
 n - a scroll of vulnerability {unknown}
 r - a scroll of revelation {unknown}
Potions
 l - 2 potions of haste
 q - a potion of resistance {unknown}


   Skills:
 + Level 2.6 Fighting
 * Level 3.2 Maces & Flails
 + Level 2.3 Throwing
 + Level 0.8 Armour
 + Level 3.1 Dodging
 + Level 0.1 Necromancy


You had 3 spell levels left.
You didn't know any spells.
Your spell library contained the following spells:

 Spells                   Type           Power      Damage    Failure   Level
 Slow                     Hex            0%         N/A       47%         1
 Blink                    Tloc           0%         N/A       63%         2
 Lesser Beckoning         Tloc           0%         N/A       63%         2
 Momentum Strike          Conj/Tloc      0%         3d8       63%         2
 Vampiric Draining        Necr           0%         2d6       83%         3
 Confusing Touch          Hex            0%         N/A       85%         3
 Sigil of Binding         Hex            0%         N/A       85%         3


Dungeon Overview and Level Annotations

Branches:
Dungeon (2/15)

Altars:

Annotations:
D:2 Crazy Yiuf


Innate Abilities, Weirdness & Mutations

A meltable shield of frost defends you. (SH +4)
You have a small tail.


Message History

Crazy Yiuf hits you with a +2 quarterstaff of chaos!
You are poisoned.
You hit Crazy Yiuf but do no damage.
Crazy Yiuf is heavily wounded.
You feel very sick. You block Crazy Yiuf's attack.
You hit Crazy Yiuf but do no damage.
Crazy Yiuf is heavily wounded.
You feel very sick. Crazy Yiuf barely misses you.
You hit Crazy Yiuf. You tail-slap Crazy Yiuf.
Crazy Yiuf is severely wounded.
You feel very sick.
Crazy Yiuf hits you with a +2 quarterstaff of chaos.
* * * LOW HITPOINT WARNING * * *
You hit Crazy Yiuf but do no damage.
Crazy Yiuf is severely wounded.
You feel sick.
Crazy Yiuf whimpers, "Walk down forty-two!"
Crazy Yiuf hits you with a +2 quarterstaff of chaos.
* * * LOW HITPOINT WARNING * * *
Crazy Yiuf freezes you.
* * * LOW HITPOINT WARNING * * *
You hit Crazy Yiuf.
You tail-slap Crazy Yiuf, but do no damage.
Crazy Yiuf is almost dead.
* * * LOW HITPOINT WARNING * * *
You feel sick. Crazy Yiuf closely misses you.
It was a potion of brilliance.
You feel clever all of a sudden.
* * * LOW HITPOINT WARNING * * *
You feel sick. Crazy Yiuf barely misses you.
It was a potion of berserk rage.
A red film seems to cover your vision as you go berserk!
You feel yourself moving faster!
You feel mighty!
* * * LOW HITPOINT WARNING * * *
You feel sick.
Crazy Yiuf whimpers, "Cod hand alas!"
Crazy Yiuf hits you with a +2 quarterstaff of chaos.
You die...

#.......##...#####
...........###
........#..#
...........# #####
...........# #..)#
.##...#....# #...#
>..........# ...
#..........# #g#
#..........# ♣♣@♣
#....<.#...# ♣.♣♣
#......#...# ♣♣.♣
#......#...# ♣.♣♣
#......#...# ♣♣.♣♣
#......##..#
♣..P♣♣
#......###.#
♣....♣ ########
#.# #....#
#.###....#


You could see Crazy Yiuf.

Vanquished Creatures
  A gnoll (D:1)
  An adder (D:2)
  2 dart slugs
  2 ribbon worms (D:2)
  4 bats
  4 endoplasms
  A giant cockroach (D:2)
  4 goblins
  3 hobgoblins (D:2)
  5 jackals (D:1)
  6 kobolds
  8 ball pythons
  5 rats
46 creatures vanquished.

Notes
Turn   | Place    | Note
-------+----------+-------------------------------------------
     0 | D:1      | seren the Demonspawn Gladiator began the quest for the Orb.
     0 | D:1      | Reached XP level 1. HP: 16/16 MP: 1/1
   232 | D:1      | Gained mutation: A meltable shield of frost defends you.
                  | (SH +4) [demonic ancestry]
   232 | D:1      | Reached XP level 2. HP: 22/22 MP: 2/2
   968 | D:1      | Reached XP level 3. HP: 4/28 MP: 3/3
   973 | D:1      | HP: 1/28 [goblin/+0 club (2)]
  1729 | D:2      | Discovered your monstrous ancestry.
  1729 | D:2      | Gained mutation: You have a small tail. [demonic ancestry]
  1729 | D:2      | Reached XP level 4. HP: 31/34 MP: 4/4
  1824 | D:2      | Found a runed translucent door.
  1825 | D:2      | Noticed Crazy Yiuf
  2050 | D:2      | Slain by Crazy Yiuf

Illustrated notes

Levels and vault maps discovered:
D:1:      scummos_arrival_star, layout_basic, minmay_unequal
D:2:      layout_rooms, uniq_crazy_yiuf_cottage

Skill      XL: |  1  2 |
---------------+-------+-----
Throwing       | 2 |  2.3
Maces & Flails | 3 |  3.2
Dodging        | 3 |  3.1
Fighting       | |  2.6
Armour         | |  0.8
Necromancy     | |  0.1

Action                     |  1- 3 |  4- 6 || total
---------------------------+-------+-------++-------
  Melee: Flail             |   145 |       ||   145
         Whip              |     5 |    19 ||    24
         Tailslap          |       |     5 ||     5
  Throw: Throwing net      |     3 |       ||     3
    Use: Potion            |     2 |     2 ||     4
   Stab: Held in net/web   |     1 |       ||     1
 Armour: Leather armour    |   100 |     9 ||   109
  Dodge: Dodged            |   103 |     7 ||   110
  Block: Other             |    27 |     2 ||    29

Table legend: (Time is in decaauts)
 A = Elapsed time spent in this place.
 B = Non-inter-level travel time spent in this place.
 C = Inter-level travel time spent in this place.
 D = Time resting spent in this place.
 E = Time spent auto-exploring this place.
 F = Levels seen in this place.
 G = Mean time per level.
                   A        B        C        D        E       F      G
               +--------+--------+--------+--------+--------+-----+--------+
         Total |   2065 |   2033 |     32 |    232 |   1317 |   2 | 1032.5 |
       Dungeon |   2065 |   2033 |     32 |    232 |   1317 |   2 | 1032.5 |
               +--------+--------+--------+--------+--------+-----+--------+

Top non-repeatable levels by time:
     D:1: 1387 daAuts
     D:2: 677 daAuts
